AoeStats
← Macbein

Arabia

510113331Analyzed
1v1 RM · 1d ago on Sep 29, 2026· 38m 13s· 2 players
Game mode
Random Map
Map size
Tiny (2 player)
Population
200
Speed
Normal
Resources
Standard
Victory
Conquest
Starting age
Dark Age
Ending age
Imperial Age
RankedLock teamsTeams togetherTeam positionsShared explorationLock speedFull tech treeHidden civsTurbo modeCheats
Victory
Defeat
🇩🇪 Danes · Germany
988
+17
🇪🇸 Mongols · Spain
1019
-17
fidelplays
6:37 Loom
9:24 Feudal Age
9:27 Man-at-Arms
10:00 Double-Bit Axe
20:54 Castle Age
20:20 Fletching
20:31 Scale Mail Armor
20:53 Forging
20:29 Horse Collar
21:51 Bow Saw
21:12 Crossbowman
24:12 Gambesons
24:28 Squires
25:32 Heavy Plow
26:14 Wheelbarrow
29:02 Hand Cart
28:53 Gold Mining
30:12 Stone Mining
31:16 Gold Shaft Mining
31:22 Chain Mail Armor
32:59 Stone Shaft Mining
33:11 Town Watch
36:09 Imperial Age
34:27 Bodkin Arrow
34:32 Padded Archer Armor
34:13 Elite Skirmisher
35:17 Town Patrol
37:15 Elite Varangian Guard
38:22 Bracer
Macbein
5:33 Loom
10:57 Feudal Age
20:42 Castle Age
20:35 Fletching
23:03 Town Watch
23:11 Town Watch
25:08 Double-Bit Axe
25:35 Horse Collar
26:46 Padded Archer Armor
31:30 Bodkin Arrow
36:04 Gold Mining
Connection lost

Rejoining the realm…

Still unreachable

The connection could not be restored.

Session expired

The server has moved on; the page needs a fresh start.